 Dungeon Crawl Stone Soup version 0.19-a0-726-g4af737f (webtiles) character file.

891 LORDOFBUTT the Chopper (level 7, -5/91 HPs)
             Began as a Minotaur Berserker on June 22, 2016.
             Was a Priest of Trog.
             Slain by an ice beast (8 damage)
             ... on level 5 of the Dungeon.
             The game lasted 00:03:59 (2545 turns).

LORDOFBUTT the Chopper (Minotaur Berserker)         Turns: 2545, Time: 00:03:59

Health: -5/91      AC:  2    Str: 27    XL:     7   Next: 77%
Magic:  6/6        EV: 14    Int:  5    God:    Trog [***...]
Gold:   206        SH:  0    Dex: 10    Spells: 0 memorised, 6 levels left

rFire  . . .     SeeInvis .     a - +0 hand axe
rCold  . . .     Gourm    .     b - +0 animal skin
rNeg   . . .     Faith    .     (no shield)
rPois  .         Spirit   .     (helmet restricted)
rElec  .         Dismiss  .     (no cloak)
rCorr  .         Reflect  .     (no gloves)
SustAt .         Harm     .     (no boots)
MR     .....                    (no amulet)
Stlth  ..........               (no ring)
                                (no ring)

@: berserking, very quick, not resistant to hostile enchantments, extremely
unstealthy
A: retaliatory headbutt, horns 2
a: Berserk, Trog's Hand, Burn Spellbooks, Renounce Religion


You were on level 5 of the Dungeon.
You worshipped Trog.
Trog was most pleased with you.
You were not hungry.

You visited 1 branch of the dungeon, and saw 5 of its levels.

You collected 206 gold pieces.

Inventory:

Hand Weapons
 a - a +0 hand axe (weapon)
Missiles
 h - 2 throwing nets (quivered)
Armour
 b - a +0 animal skin (worn)
Jewellery
 v - a cursed amulet of inaccuracy {unknown}
Scrolls
 d - a scroll of blinking
 e - a scroll of identify {unknown}
 g - a scroll of magic mapping
 j - a scroll of teleportation
 k - a scroll of recharging {unknown}
 l - a scroll of fog {unknown}
 m - a scroll of random uselessness
 n - a scroll of enchant weapon {unknown}
 p - a scroll of immolation {unknown}
 q - a scroll of amnesia {unknown}
Potions
 f - a potion of degeneration {unknown}
 i - a potion of beneficial mutation {unknown}
 o - 3 potions of brilliance {unknown}
 r - a potion of flight {unknown}
 s - a potion of lignification {unknown}
 t - a potion of heal wounds {unknown}
 u - a potion of magic {unknown}
 w - a potion of curing {unknown}
 x - a potion of agility
Comestibles
 c - 3 bread rations


   Skills:
 + Level 5.3 Fighting
 * Level 6.8 Axes
 + Level 2.6 Throwing
 + Level 4.6 Armour
 * Level 5.7 Dodging


You had 6 spell levels left.
You didn't know any spells.

Dungeon Overview and Level Annotations

Branches:
Dungeon (5/15)
 Temple: D:4-7

Altars:
Cheibriados
Hepliaklqana
Uskayaw
Xom


Innate Abilities, Weirdness & Mutations

You reflexively headbutt those who attack you in melee.
You have a pair of horns on your head.


Message History

The ice beast hits you. The ice beast freezes you!
You closely miss the ice beast. The ice beast hits you.
The ice beast freezes you!
* * * LOW HITPOINT WARNING * * *
You are too injured to fight recklessly!
A red film seems to cover your vision as you go berserk!
You feel yourself moving faster!
You feel mighty!
You feel somewhat more hungry. The ice beast closely misses you.
You slash the ice beast! Your headbutt misses the ice beast.
The ice beast is heavily wounded.
The ice beast hits you.
* * * LOW HITPOINT WARNING * * *
The ice beast freezes you!
* * * LOW HITPOINT WARNING * * *
You hit the ice beast but do no damage. You headbutt the ice beast.
The ice beast is severely wounded.
The ice beast hits you.
* * * LOW HITPOINT WARNING * * *
The ice beast freezes you!
You die...

#.......#
#......)#
##.....##
##...## #.###
#.# #.#
..######(######
#>.....@.......#
######Y....###.#
#.......#
##.........
##...####. ##.[.
# #.### ..


You could see an ice beast.

Vanquished Creatures
  Sigmund (D:2)
  The ghost of Rohain the Ruffian, an amateur TrMo of the Shining One (D:4)
  Duvessa (D:4)
  A sky beast (D:4)
  An ogre (D:4)
  A black bear (D:4)
  Dowan (D:4)
  A hound (D:4)
  2 orc wizards (D:4)
  A worker ant (D:4)
  A hound skeleton (D:4)
  3 adders
  2 worms (D:4)
  4 dart slugs
  4 giant geckos
  4 orcs (D:4)
  A giant cockroach (D:4)
  7 goblins
  6 hobgoblins
  4 jackals
  A quokka (D:4)
  3 ball pythons
  11 bats
  3 giant newts
  13 kobolds
  3 rats (D:1)
81 creatures vanquished.

Notes
Turn   | Place    | Note
--------------------------------------------------------------
     0 | D:1      | LORDOFBUTT the Minotaur Berserker began the quest for the Orb.
     0 | D:1      | Reached XP level 1. HP: 19/19 MP: 0/0
   106 | D:1      | Reached skill level 4 in Axes
   107 | D:1      | Reached XP level 2. HP: 22/27 MP: 1/1
   349 | D:1      | Reached ** piety under Trog
   674 | D:2      | Reached XP level 3. HP: 33/33 MP: 2/2
   916 | D:2      | Noticed Sigmund
   920 | D:2      | Found a snail-covered altar of Cheibriados.
   931 | D:2      | Killed Sigmund
   931 | D:2      | Reached skill level 5 in Axes
   931 | D:2      | Reached skill level 1 in Throwing
   931 | D:2      | Reached XP level 4. HP: 41/41 MP: 3/3
   931 | D:2      | Reached XP level 5. HP: 47/47 MP: 4/4
  1535 | D:3      | Reached *** piety under Trog
  1803 | D:3      | Found a hide-covered altar of Uskayaw.
  1868 | D:4      | Noticed a sky beast
  1868 | D:4      | Noticed Rohain's ghost (amateur TrMo)
  1871 | D:4      | Noticed an ogre
  1876 | D:4      | Reached XP level 6. HP: 53/53 MP: 5/5
  1878 | D:4      | Killed a sky beast
  1880 | D:4      | Killed Rohain's ghost
  1881 | D:4      | Reached skill level 5 in Fighting
  1881 | D:4      | Reached skill level 6 in Axes
  1881 | D:4      | Reached XP level 7. HP: 30/61 MP: 6/6
  1896 | D:4      | HP: 1/61 [hound (3)]
  2143 | D:4      | Noticed Duvessa
  2143 | D:4      | Noticed Dowan
  2151 | D:4      | Killed Duvessa
  2151 | D:4      | Reached skill level 5 in Dodging
  2155 | D:4      | Killed Dowan
  2294 | D:4      | Found a hazy altar of Hepliaklqana.
  2301 | D:4      | Found a shimmering altar of Xom.
  2301 | D:4      | Noticed a yak
  2302 | D:4      | Noticed a spectral ugly thing
  2302 | D:4      | Noticed a yak
  2523 | D:5      | Entered Level 5 of the Dungeon
  2545 | D:5      | HP: 3/91 [ice beast (2)]
  2545 | D:5      | Slain by an ice beast

Vault maps used:
D:1:      sevenhm_arrival_forest_fort_small_3
D:2:      first_bread, kennysheep_slug_shrine, uniq_sigmund
D:3:      marbit_many_paths, kennysheep_generic_room_5
D:4:      regret_index_temple_of_mockery, uniq_duvessa
D:5:      minitemple, serial_shops, shop, minivault_23, led_xom_imps,
          uniq_grinder

Skill      XL: |  1  2  3  4  5  6  7 |
---------------+----------------------+-----
Axes           | 4 5 6 |  6.8
Fighting       | 4 5 |  5.3
Dodging        | 3 4 5 |  5.7
Throwing       | 1 2 |  2.6
Armour         | 3 4 |  4.6

Action                   |  1- 3 |  4- 6 |  7- 9 || total
-------------------------+-------+-------+-------++-------
Melee: Hand axe          |    60 |    54 |    54 ||   168
       Headbutt          |     6 |     4 |    14 ||    24
Invok: Berserk           |     1 |     1 |     3 ||     5
       Trog's Hand       |       |       |     1 ||     1
  Use: Scroll            |       |       |     4 ||     4
 Stab: Sleeping          |     1 |       |       ||     1
  Eat: Bread ration      |       |     1 |     1 ||     2
       Beef jerky        |       |     1 |       ||     1
       Chunk             |       |       |     1 ||     1
Armor: Animal skin       |    13 |     6 |     3 ||    22
Dodge: Dodged            |    31 |    50 |    37 ||   118
